 Dungeon Crawl Stone Soup version 0.19-a0-994-g3c636f0 (webtiles) character file.

2670 4thArraOfDagon the Grappler (level 9, -6/75 HPs)
             Began as a Troll Air Elementalist on July 15, 2016.
             Was an Elder of Makhleb.
             Mangled by Erolcha
             ... wielding a +0 giant club
              (30 damage)
             ... on level 9 of the Dungeon.
             The game lasted 00:13:04 (2710 turns).

4thArraOfDagon the Grappler (TrAE)                  Turns: 2710, Time: 00:13:05

Health: -6/75      AC:  6    Str: 23    XL:     9   Next: 37%
Magic:  11/12      EV: 10    Int: 14    God:    Makhleb [****..]
Gold:   89         SH:  0    Dex: 10    Spells: 2 memorised, 1 level left

rFire  . . .     SeeInvis .       - Unarmed
rCold  . . .     Gourm    +     a - +1 robe
rNeg   + . .     Faith    .     (no shield)
rPois  .         Spirit   .     (helmet restricted)
rElec  .         Dismiss  .     (no cloak)
rCorr  .         Reflect  .     (gloves unavailable)
SustAt .         Harm     .     (boots unavailable)
MR     .....                    (no amulet)
Stlth  +.........               (no ring)
                                x - ring of positive energy

@: mighty, drained, not resistant to hostile enchantments, very unstealthy
A: unfitting armour, claws 3, fast metabolism 3, gourmand, regeneration 2,
shaggy fur 1, tough skin 2
a: Minor Destruction, Lesser Servant of Makhleb, Major Destruction, Renounce
Religion


You were on level 9 of the Dungeon.
You worshipped Makhleb.
Makhleb was greatly pleased with you.
You were very full.

You visited 1 branch of the dungeon, and saw 9 of its levels.
You also visited: Sewer and Ossuary.

You collected 259 gold pieces.
You spent 170 gold pieces at shops.

Inventory:

Armour
 a - a +1 robe (worn)
Jewellery
 x - a ring of positive energy (left claw)
 A - an uncursed ring of teleportation
Wands
 n - a wand of flame (28/48)
Scrolls
 g - a scroll of fog
 h - 2 scrolls of enchant armour
 i - a scroll of teleportation
 l - 2 scrolls of magic mapping
 u - 2 scrolls of immolation {unknown}
 w - 2 scrolls of random uselessness {unknown}
 y - a scroll of fear
 B - a scroll of recharging
 C - a scroll of blinking
 E - a scroll of noise {unknown}
Potions
 d - 5 potions of flight {unknown}
 e - 2 potions of curing {unknown}
 j - a potion of might
 k - a potion of mutation {unknown}
 p - 5 potions of heal wounds
 q - 6 potions of brilliance {unknown}
 r - 2 potions of haste
 s - 6 potions of agility {unknown}
 t - 2 potions of cure mutation {unknown}
 v - a potion of berserk rage
 z - a potion of resistance
Books
 b - a book of Air

   Spells                             Type                      Level
   a - Shock                          Conjuration/Air              1
   b - Swiftness                      Charms/Air                   2
   c - Repel Missiles                 Charms/Air                   2
   d - Static Discharge               Conjuration/Air              3
   e - Lightning Bolt                 Conjuration/Air              5
Comestibles
 c - 4 bread rations
 f - 2 meat rations
 m - 2 beef jerkies
 D - a royal jelly


   Skills:
 + Level 0.5(0.4) Fighting
 + Level 1.7(1.6) Dodging
 - Level 1.1(1.0) Stealth
 * Level 11.0(10.9) Unarmed Combat
 - Level 1.2(1.1) Spellcasting
 - Level 0.6(0.5) Conjurations
 - Level 2.0(1.8) Air Magic
 + Level 5.3(5.2) Invocations


You had one spell level left.
You knew the following spells:

 Your Spells              Type           Power        Failure   Level  Hunger
a - Shock                 Conj/Air       #...         21%         1    ##.....
b - Controlled Blink      Tloc           N/A          100%        8    #######


Dungeon Overview and Level Annotations

Branches:
Dungeon (9/15)
 Temple: D:4-7         Lair: D:8-11         Orc: D:9-12

Altars:
Cheibriados
Fedhas
Kikubaaqudgha
Makhleb
Vehumet

Shops:
D:7 ?

Annotations:
D:9 Erolcha


Innate Abilities, Weirdness & Mutations

You are too large for most types of armour.
You have claws for hands.
Your metabolism is lightning-fast.
You like to eat raw meat.
You heal very quickly.
You are covered in fur. (AC +1)
You have very tough skin. (AC +2)


Message History

You feel better.
Your neqoxec barely misses the worker ant.
The worker ant bites your neqoxec. Something hits you!!
* * * LOW HITPOINT WARNING * * *
Your iron imp hits the worker ant.
Your iron imp barely misses the worker ant.
Unknown command.
Unknown command.
Unknown command.
You feel much better.
Your quasit barely misses the worker ant.
Your quasit claws the worker ant.
Your quasit claws the worker ant but does no damage.
The worker ant waves its antennae.
The worker ant bites your neqoxec.
Your neqoxec gestures at the worker ant.
The worker ant twists and deforms.
The wight completely misses you. The troll bites you. The troll claws you.
The troll claws you! Something hits you!!
You die...

........
........................
........................
y.......................
....$....(..............
..y............5........
..............a5.......$
..............53zT.....)
...y.......y.<..@.......
###################.....
... .


You could see a troll, a worker ant, a killer bee, a wight, a friendly neqoxec,
2 friendly iron imps and a friendly quasit.

Vanquished Creatures
  Pikel (D:7)
  Grinder (D:6)
  2 ice beasts
  An orc warrior (D:7)
  A slave (D:7)
  3 ogres
  A phantom (D:6)
  A big kobold (Sewer)
  3 giant frogs (D:6)
  2 scorpions
  A water moccasin skeleton (D:8)
  2 killer bees
  6 wights
  A howler monkey (D:6)
  2 crimson imps
  2 jellies
  4 orc wizards
  A hound (D:4)
  A human zombie (Ossuary)
  2 worker ants
  A big kobold zombie (Ossuary)
  4 mummies (Ossuary)
  7 gnolls
  A howler monkey skeleton (D:6)
  4 adders
  2 oozes (Sewer)
  2 adder zombies
  An adder skeleton (D:5)
  A worm (D:3)
  A dart slug (D:3)
  19 orcs
  3 giant cockroaches
  2 goblins (D:3)
  3 hobgoblins
  5 jackals
  15 kobolds
  A quokka (D:7)
  4 ball pythons
  4 bats
  3 giant newts
  2 goblin zombies (Ossuary)
  A hobgoblin zombie (Ossuary)
  2 jackal zombies (Ossuary)
  2 kobold zombies (Ossuary)
  An orc zombie (Ossuary)
  A quokka zombie (D:7)
  8 rats
  A rat zombie (Ossuary)
139 creatures vanquished.

Notes
Turn   | Place    | Note
-------+----------+-------------------------------------------
     0 | D:1      | 4thArraOfDagon the Troll Air Elementalist began the quest for the Orb.
     0 | D:1      | Reached XP level 1. HP: 16/16 MP: 1/1
    58 | D:1      | Reached skill level 1 in Unarmed Combat
   162 | D:4      | Reached skill level 2 in Unarmed Combat
   162 | D:4      | Reached XP level 2. HP: 13/24 MP: 2/2
   211 | D:4      | Found a burning altar of Makhleb.
   218 | D:4      | Became a worshipper of Makhleb the Destroyer
   341 | D:5      | Entered Level 5 of the Dungeon
   346 | D:5      | Found a snail-covered altar of Cheibriados.
   348 | D:5      | Found a sand-covered staircase.
   356 | Ossuary  | Entered an ossuary
   386 | Ossuary  | Reached skill level 3 in Unarmed Combat
   386 | Ossuary  | Reached XP level 3. HP: 26/31 MP: 3/3
   432 | Ossuary  | Reached skill level 4 in Unarmed Combat
   432 | Ossuary  | Reached XP level 4. HP: 16/39 MP: 4/4
   484 | Ossuary  | Reached * piety under Makhleb
   616 | D:5      | Reached skill level 5 in Unarmed Combat
   616 | D:5      | Reached XP level 5. HP: 42/45 MP: 5/5
   707 | D:4      | Reached XP level 6. HP: 22/53 MP: 6/6
   756 | D:4      | Reached skill level 6 in Unarmed Combat
   968 | D:3      | Found a blossoming altar of Fedhas.
  1000 | D:3      | Reached ** piety under Makhleb
  1296 | D:5      | Found an ancient bone altar of Kikubaaqudgha.
  1355 | D:5      | Reached skill level 7 in Unarmed Combat
  1430 | D:6      | Reached skill level 1 in Invocations
  1430 | D:6      | Reached XP level 7. HP: 59/59 MP: 7/7
  1562 | D:6      | Noticed Grinder
  1576 | D:6      | Reached *** piety under Makhleb
  1583 | D:6      | Killed Grinder
  1583 | D:6      | Reached skill level 8 in Unarmed Combat
  1583 | D:6      | Reached XP level 8. HP: 60/67 MP: 7/9
  1664 | D:6      | Reached skill level 9 in Unarmed Combat
  1766 | D:6      | Found a glowing drain.
  1771 | Sewer    | Entered a sewer
  2014 | Sewer    | Reached **** piety under Makhleb
  2082 | D:7      | Found Fahoalab's Magic Scroll Boutique.
  2162 | D:7      | Noticed Pikel
  2179 | D:7      | Killed Pikel
  2179 | D:7      | Reached skill level 10 in Unarmed Combat
  2179 | D:7      | Reached XP level 9. HP: 69/74 MP: 11/11
  2223 | D:7      | Found a radiant altar of Vehumet.
  2292 | D:7      | Bought a scroll of recharging for 95 gold pieces
  2292 | D:7      | Bought a scroll of blinking for 75 gold pieces
  2371 | D:8      | Learned a level 8 spell: Controlled Blink
  2408 | D:8      | Reached skill level 5 in Invocations
  2664 | D:8      | Reached skill level 11 in Unarmed Combat
  2698 | D:9      | Noticed Erolcha
  2699 | D:9      | Noticed a troll
  2710 | D:9      | Mangled by Erolcha

Vault maps used:
D:1:      dpeg_arrival_sounds_slurp
D:2:      gammafunk_pakellas_cloud_experiment
D:3:      fedhas_altar_2
D:4:      nicolae_overflow_crystal_walls, serial_shops, kennysheep_little_box,
          first_bread, kennysheep_generic_room_7
D:5:      lemuel_crystal_altar, overflow_temple_1_default, enter_ossuary_1,
          minivault_4, columned_hall_lemuel, minmay_stone_trees_medium,
          cheibrodos_gnoll_hut
D:6:      portal_sewer_entry_e, uniq_grinder, uniq_blork_the_orc
D:7:      vehumet_altar_wand_db, grunt_temple_overflow_octagram, serial_shops,
          shop, uniq_pikel, uniq_prince_ribbit1
D:8:      uniq_grum
D:9:      dragon1_lemuel, uniq_erolcha
Sewer:    kennysheep_pipe_town
Ossuary:  ossuary_minmay_tomb_2a

Skill      XL: |  1  2  3  4  5  6  7  8  9 |
---------------+----------------------------+-----
Unarmed Combat | 2 3 4 5 7 8 10 11 | 11.0
Invocations    | 1 2 4 5 |  5.3
Fighting       | |  0.5
Dodging        | |  1.7
Stealth        | |  1.1
Spellcasting   | |  1.2
Conjurations   | |  0.6
Air Magic      | |  2.0

Action                   |  1- 3 |  4- 6 |  7- 9 || total
-------------------------+-------+-------+-------++-------
Melee: Unarmed           |    83 |   180 |   227 ||   490
       Punch             |     3 |     8 |    12 ||    23
Invok: Lesser Servant of |       |       |     2 ||     2
  Use: Potion            |       |     1 |     3 ||     4
       Scroll            |       |       |    11 ||    11
 Stab: Sleeping          |       |     2 |       ||     2
  Eat: Chunk             |     8 |     8 |    14 ||    30
Armor: Robe              |    48 |    62 |    66 ||   176
Dodge: Dodged            |    28 |   100 |   103 ||   231
